 Dungeon Crawl Stone Soup version 0.29.1-13-g9f3cf754e1 (webtiles) character file.

Game seed: 4726311994282226392

956 DemonSlayer the Digger (level 7, -2/47 HPs)
             Began as a Demonspawn Earth Elementalist on Jan 23, 2023.
             Engulfed by a cloud of steam (4 damage)
             ... on level 4 of the Dungeon.
             The game lasted 00:11:08 (4003 turns).

DemonSlayer the Digger (DsEE)                       Turns: 4003, Time: 00:11:09

Health: -2/47      AC: 10    Str:  8 (11) XL:     7   Next: 91%
Magic:  10/24      EV: 12    Int: 14 (16) God:
Gold:   291        SH:  0    Dex: 12 (13) Spells: 10/17 levels left

rFire   . . .      SeeInvis .   w - +1 dagger (venom)
rCold   . . .      Faith    .   (no shield)
rNeg    . . .      Spirit   .   a - +0 robe
rPois   .          Reflect  .   y - +0 helmet
rElec   .          Harm     .   (no cloak)
rCorr   .          Rampage  .   (no gloves)
Will    .....                   (no boots)
Stlth   ++........              (no amulet)
HPRegen 0.15/turn               c - ring of magical power
MPRegen 0.19/turn               h - +4 ring of protection

@: brilliant, attractive, very slightly contaminated
A: molten scales 2, ignite blood 1, spiny 3
a: no special abilities


You were on level 4 of the Dungeon.
You visited 1 branch of the dungeon, and saw 5 of its levels.

You collected 291 gold pieces.

Inventory:

Hand Weapons
 w - a +1 dagger of venom (weapon)
Armour
 a - a +0 robe (worn)
 y - a +0 helmet (worn)
Jewellery
 c - a ring of magical power (left hand)
 h - a +4 ring of protection (right hand)
 r - a ring of see invisible
Wands
 A - a wand of flame (11)
Scrolls
 e - 2 scrolls of teleportation {unknown}
 g - a scroll of brand weapon {unknown}
 k - a scroll of enchant armour {unknown}
 m - a scroll of vulnerability {unknown}
 n - a scroll of noise {unknown}
 o - a scroll of poison {unknown}
 p - 3 scrolls of immolation {unknown}
 s - a scroll of magic mapping {unknown}
 t - 2 scrolls of fear {unknown}
 u - a scroll of identify {unknown}
 v - 3 scrolls of enchant weapon {unknown}
 x - a scroll of amnesia {unknown}
 z - a scroll of blinking {unknown}
Potions
 b - a potion of magic
 d - a potion of ambrosia {unknown}
 f - a potion of cancellation {unknown}
 i - a potion of attraction
 j - 2 potions of degeneration
 l - a potion of might {unknown}
 q - 2 potions of brilliance


   Skills:
 + Level 0.7 Fighting
 + Level 0.2 Short Blades
 + Level 2.5 Dodging
 + Level 3.4 Stealth
 + Level 5.6 Spellcasting
 + Level 0.4 Conjurations
 + Level 0.9 Transmutations
 + Level 5.8 Earth Magic
 + Level 0.1 Evocations


You had 10 spell levels left.
You knew the following spells:

 Your Spells              Type           Power      Damage    Failure   Level
a - Sandblast             Erth           60%        2d14      1%          1
b - Stone Arrow           Conj/Erth      38%        3d9       14%         3
c - Summon Guardian Gole  Hex/Summ       5%         N/A       45%         3

Your spell library contained the following spells:

 Spells                   Type           Power      Damage    Failure   Level
 Passwall                 Tmut/Erth      16%        N/A       6%          2
 Magic Dart               Conj           28%        1d4       14%         1
 Summon Small Mammal      Summ           20%        N/A       17%         1
 Searing Ray              Conj           14%        2d5       22%         2
 Scorch                   Fire           10%        2d5       26%         2
 Petrify                  Tmut/Erth      20%        N/A       38%         4
 Call Canine Familiar     Summ           5%         N/A       45%         3
 Inner Flame              Hex/Fire       5%         N/A       45%         3
 Flame Wave               Conj/Fire      6%         2d5       83%         4
 Fulminant Prism          Conj/Hex       3%         3d6       83%         4
 Cause Fear               Hex            2%         N/A       86%         4
 Summon Cactus Giant      Summ           2%         N/A       100%        6
 Discord                  Hex            2%         N/A       100%        8


Dungeon Overview and Level Annotations

Branches:
Dungeon (5/15)
 Temple: D:4-7

Altars:
Trog
Yredelemnul


Innate Abilities, Weirdness & Mutations

You are mostly covered in molten scales. (AC +3)
Your demonic aura sometimes causes spilled blood to erupt in flames.
You are completely covered in sharp spines.


Message History

The stone arrow hits the steam dragon!
The steam dragon is severely wounded.
You are engulfed in a cloud of scalding steam.
You miscast Stone Arrow.
You are very lightly contaminated with residual magic.
Nothing appears to happen.
You are engulfed in a cloud of scalding steam.
Casting: Stone Arrow (dangerous; 14% risk of failure)
Confirm with . or Enter, or press ? or * to list all spells.
Aiming: Stone Arrow (dangerous; 14% risk of failure)
Press: ? - help, Shift-Dir - straight line, f/p - steam dragon
Aim: a steam dragon (steam, severely wounded, 68% to hit)
The stone arrow misses the steam dragon.
You are engulfed in a cloud of scalding steam.
Casting: Stone Arrow (dangerous; 14% risk of failure)
Confirm with . or Enter, or press ? or * to list all spells.
Aiming: Stone Arrow (dangerous; 14% risk of failure)
Press: ? - help, Shift-Dir - straight line, f/p - steam dragon
Aim: a steam dragon (steam, severely wounded, 68% to hit)
The stone arrow misses the steam dragon.
You are engulfed in a cloud of scalding steam.
* * * LOW HITPOINT WARNING * * *
The steam dragon bites you.
* * * LOW HITPOINT WARNING * * *
The steam dragon claws you.
* * * LOW HITPOINT WARNING * * *
It was a potion of degeneration.
There was something very wrong with that liquid.
You feel weakened.
You feel dopey.
You feel clumsy.
You are engulfed in a cloud of scalding steam.
* * * LOW HITPOINT WARNING * * *
The steam dragon is struck by your spines.
You kill the steam dragon!
You feel your intelligence returning.
It was a potion of attraction.
You feel attractive to monsters.
It was a potion of brilliance.
You feel clever all of a sudden.
You are engulfed in a cloud of scalding steam.
You die...

...........................).....
.......#.##...(.....).....
#......#.###..............
#..........##.....##....÷#
##.......#..)...#####..###
..(.................#.##
.........####.#.<.#....#
≈≈≈≈......# #.###....#..#
...§.....@# ..# ####†.....
≈≈.≈.<...g#..# ..##...
.≈.≈........# #.## ###
≈.§........ .. ..§......##. #.#
≈§§§.....# ## .. §§......# #.#
≈≈......#


You could see a hobgoblin.

Vanquished Creatures
  A steam dragon (D:4)
  Duvessa (D:5)
  A water moccasin (D:5)
  An ogre (D:5)
  2 necrophages
  A scorpion (D:5)
  Dowan (D:5)
  2 hounds
  A jelly (D:4)
  An orc priest (D:5)
  An orc wizard (D:5)
  8 adders
  6 dart slugs
  6 orcs (D:5)
  4 ball pythons
  6 bats
  4 endoplasms
  2 giant cockroaches
  6 goblins
  3 hobgoblins
  10 jackals
  5 quokkas
  4 frilled lizards
  8 kobolds
  4 rats
89 creatures vanquished.

Vanquished Creatures (others)
  A jackal (D:4)
1 creature vanquished.

Grand Total: 90 creatures vanquished

Notes
Turn   | Place    | Note
-------+----------+-------------------------------------------
     0 | D:1      | DemonSlayer the Demonspawn Earth Elementalist began the
                  | quest for the Orb.
     0 | D:1      | Reached XP level 1. HP: 13/13 MP: 3/3
   172 | D:1      | Gained mutation: You are partially covered in molten
                  | scales. (AC +2) [demonic ancestry]
   172 | D:1      | Reached XP level 2. HP: 19/19 MP: 3/5
   490 | D:1      | Found a faded altar of an unknown god.
   617 | D:1      | Gained mutation: You are mostly covered in molten scales.
                  | (AC +3) [demonic ancestry]
   617 | D:1      | Reached XP level 3. HP: 24/24 MP: 6/6
   774 | D:1      | Learned a level 3 spell: Stone Arrow
   778 | D:1      | Learned a level 3 spell: Summon Guardian Golem
  1591 | D:3      | Gained mutation: You are partially covered in sharp spines.
                  | [demonic ancestry]
  1591 | D:3      | Reached XP level 4. HP: 27/30 MP: 8/8
  1767 | D:3      | You fall into a shaft and drop 1 floor!
  1874 | D:3      | Found a bloodstained altar of Trog.
  2129 | D:3      | Found a basalt altar of Yredelemnul.
  2286 | D:4      | Noticed a steam dragon
  2362 | D:4      | Noticed a necrophage
  2372 | D:4      | Killed a necrophage
  2373 | D:4      | Gained mutation: You are mostly covered in sharp spines.
                  | [demonic ancestry]
  2373 | D:4      | Reached XP level 5. HP: 25/35 MP: 10/10
  2826 | D:5      | Entered Level 5 of the Dungeon
  2835 | D:5      | Noticed a water moccasin
  2842 | D:5      | Killed a water moccasin
  2843 | D:5      | Gained mutation: Your demonic aura sometimes causes spilled
                  | blood to erupt in flames. [demonic ancestry]
  2843 | D:5      | Reached XP level 6. HP: 41/41 MP: 11/11
  3060 | D:5      | Reached skill level 5 in Earth Magic
  3060 | D:5      | Gained mutation: You are completely covered in sharp
                  | spines. [demonic ancestry]
  3060 | D:5      | Reached XP level 7. HP: 46/46 MP: 13/13
  3079 | D:5      | Noticed Duvessa
  3079 | D:5      | Noticed Dowan
  3089 | D:5      | Killed Duvessa
  3095 | D:5      | Killed Dowan
  3283 | D:5      | Reached skill level 5 in Spellcasting
  4001 | D:4      | HP: 1/47 [steam dragon] (8)]
  4001 | D:4      | Killed a steam dragon
  4003 | D:4      | Engulfed by a cloud of steam

Illustrated notes

Levels and vault maps discovered:
D:1:      dpeg_arrival_refuge, layout_loops_ring, basic_ecumenical_altar
D:2:      layout_loops_ring
D:3:      layout_loops_ring, mainiacjoe_overflow_alcove_1,
          overflow_temple_1_default, kennysheep_donut
D:4:      layout_rooms, kennysheep_mini_moat,
          mainiacjoe_overflow_concentric_impassable
D:5:      layout_gridville, uniq_duvessa

Skill      XL: |  1  2  3  4  5  6  7 |
---------------+----------------------+-----
Dodging        | 2 |  2.5
Earth Magic    | 3 4 5 |  5.8
Stealth        | 2 3 |  3.4
Spellcasting   | 3 4 5 |  5.6
Fighting       | |  0.7
Short Blades   | |  0.2
Conjurations   | |  0.4
Transmutations | |  0.9
Evocations     | |  0.1

Action                   |  1- 3 |  4- 6 |  7- 9 || total
-------------------------+-------+-------+-------++-------
Melee: Dagger            |    13 |     9 |     2 ||    24
 Cast: Sandblast         |    50 |    54 |    17 ||   121
       Stone Arrow       |       |       |    11 ||    11
Evoke: Wand              |       |       |     3 ||     3
  Use: Potion            |       |       |     3 ||     3
 Stab: Sleeping          |     4 |     7 |     2 ||    13
Armor: Robe              |    20 |    11 |     5 ||    36
Dodge: Dodged            |    22 |    23 |     3 ||    48
